 Dungeon Sprint DCSS version 0.30-a0-469-g84de5afbc5 (webtiles) character file.

Game seed: 9745002614689573112

12300000 NinjaNoafa the Intangible (level 21, -14/122 HPs)
             Began as a Felid Reaver on Dec 19, 2022.
             Was the Champion of Makhleb.
             Killed from afar by a scourge (50 damage)
             ... with a bolt of poison
             ... in the Dungeon (Sprint VIII: "Arena of Blood").
             The game lasted 00:02:30 (123 turns).

NinjaNoafa the Intangible (Felid Reaver)             Turns: 123, Time: 00:02:31

Health: -14/122    AC:  3    Str:  8    XL:     21   Next: 97%
Magic:  53/53      EV: 47    Int: 16    God:    Makhleb [******]
Gold:   0          SH:  0    Dex: 24    Spells: 73/74 levels left
                                        Lives:  0   Deaths: 6

rFire   . . .      SeeInvis +      - Unarmed
rCold   + . .      Faith    .    (shield unavailable)
rNeg    . . .      Spirit   .    (body armour unavailable)
rPois   .          Reflect  .    (helmet unavailable)
rElec   .          Harm     .    (cloak unavailable)
rCorr   .          Rampage  .    (gloves unavailable)
Will    +++..      NoTele   +    (boots unavailable)
Stlth   ++++++++++               (no amulet)
HPRegen 0.40/turn                g - +27000 ring of slaying
MPRegen 0.33/turn                (no ring)

@: lethally poisoned (-14 -> -70), hasted, very quick
A: very small, claws 1, fangs 3, see invisible, speed 1, shaggy fur 3, stealthy
paws, no weapons or thrown items, no armour, multi-lived
a: Renounce Religion, Minor Destruction, Lesser Servant of Makhleb, Major
Destruction, Greater Servant of Makhleb


You were in the Dungeon.
You worshipped Makhleb.
Makhleb was exalted by your worship.
You visited 1 branch

Inventory:

Jewellery
 g - a +27000 ring of slaying (left paw)
Potions
 d - 2 potions of magic
 e - a potion of berserk rage


   Skills:
 O Level 27 Fighting
 O Level 27 Dodging
 O Level 27 Stealth
 O Level 27 Unarmed Combat
 O Level 27 Spellcasting
 O Level 27 Conjurations
 O Level 27 Hexes
 O Level 27 Summonings
 O Level 27 Necromancy
 O Level 27 Translocations
 O Level 27 Transmutations
 O Level 27 Fire Magic
 O Level 27 Ice Magic
 O Level 27 Air Magic
 O Level 27 Earth Magic
 O Level 27 Poison Magic
 O Level 27 Invocations
 O Level 27 Evocations


You had 73 spell levels left.
You knew the following spells:

 Your Spells              Type           Power      Damage    Failure   Level
a - Kiss of Death         Conj/Necr      100%       2d13      0%          1

Your spell library contained the following spells:

 Spells                   Type           Power      Damage    Failure   Level
 Momentum Strike          Conj/Tloc      100%       3d10      0%          2
 Hailstorm                Conj/Ice       82%        3d17      0%          3


Dungeon Overview and Level Annotations

Branches:
Dungeon (1/1)

Altars:
Makhleb


Innate Abilities, Weirdness & Mutations

You have sharp claws.
You have razor-sharp teeth.
You have supernaturally acute eyesight. (SInv)
You cover ground quickly. (Speed+)
Your thick and shaggy fur keeps you warm. (AC +3, rC+)
Your paws help you pounce on unaware monsters.
You are incapable of wielding weapons or throwing items.
You cannot wear armour.
You gain extra lives every three experience levels.


Message History

You eviscerate the eight-headed meat hydra!!!!!!!!!!!!
You kill the eight-headed meat hydra!
Makhleb accepts your kill.
You feel better.
You hear a shout!
The observer is engulfed in a cloud of scalding steam.
The observer gazes at you. The bolt of fire misses you.
A scourge comes into view.
You hear a shout!
The scourge is engulfed in a cloud of scalding steam.
The scourge throws poison at you. The bolt of poison hits you!!!
You are poisoned.
You hear a shout! x2
The bag of meat hits you with a +9 war axe!
You hear a shout!
The observer gazes at you. The bolt of fire hits you!!!
* * * LOW HITPOINT WARNING * * *
The scourge hisses angrily.
You eviscerate the bag of meat!!!!!!!!!!
You kill the bag of meat!
Makhleb accepts your kill.
* * * LOW HITPOINT WARNING * * *
You feel sick.
You hear an angry hiss.
You hear a shout! x4
Your magic is already full.
Okay, then.
You eviscerate the meat berserker!!!!!!!!!!!
You kill the meat berserker!
Makhleb accepts your kill.
You feel better.
The fleshlord appears out of thin air!
A fleshlord comes into view. It is wielding a +9 great mace.
You feel very sick.
The fleshlord shouts!
The scourge throws poison at you. The bolt of poison hits you!!!
You are lethally poisoned!
You die...

#.M......))..X.X........
.#.#So.............oo#..
#G#.......).........#...
.#.#.....†).......##.o..
#.#.G...#).......#...W.
.oz...S..M.......#...###
.......##S#...........
##.....))§G.2...G..... .
....##..@)S..)§...### ...
#....p))))§§○§.†....#....
####....))...☼☼..........
####.......=.......#
#################


You could see an accursed (ally target), 3 observers, 4 scourges, a fleshlord, a
sculptor of flesh, 2 bags of meat and a friendly cacodemon (summoned).

Vanquished Creatures
  3 hell beasts (D)
  2 royal mummies (D)
  A great orb of eyes (D)
  A wraith (D)
  9 vampire knights (D)
  19 ogres (D)
  5 two-headed ogres (D)
  5 liches (D)
  A hydra (D)
  2 phantoms (D)
  21 orcs (D)
  3 skeletal warriors (D)
72 creatures vanquished.

Notes
Turn   | Place    | Note
-------+----------+-------------------------------------------
     0 | D        | NinjaNoafa the Felid Reaver began the quest for the Orb.
     0 | D        | Reached XP level 1. HP: 9/9 MP: 4/4
     3 | D        | Noticed a bag of meat
     4 | D        | Became a worshipper of Makhleb the Destroyer
     4 | D        | Noticed a meat berserker
     6 | D        | Noticed a bag of meat
     6 | D        | Noticed a bag of meat
     7 | D        | Killed a meat berserker
     7 | D        | Noticed a bag of meat
     8 | D        | Reached skill level 15 in Fighting
     8 | D        | Reached skill level 15 in Unarmed Combat
     8 | D        | Reached skill level 15 in Invocations
     8 | D        | Reached XP level 2. HP: 26/26 MP: 4/11
     8 | D        | Reached XP level 3. HP: 30/30 MP: 4/13
     8 | D        | Reached XP level 4. HP: 34/34 MP: 4/14
     8 | D        | Reached XP level 5. HP: 37/37 MP: 4/16
     8 | D        | Gained mutation: You are covered in thick fur. (AC +2)
                  | [Felid growth]
     8 | D        | Reached XP level 6. HP: 42/42 MP: 4/17
     8 | D        | Reached XP level 7. HP: 45/45 MP: 4/19
     8 | D        | Reached XP level 8. HP: 49/49 MP: 4/20
     8 | D        | Reached XP level 9. HP: 53/53 MP: 4/21
     8 | D        | Reached XP level 10. HP: 57/57 MP: 4/22
     8 | D        | Reached XP level 11. HP: 61/61 MP: 4/23
     8 | D        | Noticed a meat berserker
     8 | D        | Noticed a meat berserker
    12 | D        | Killed a meat berserker
    12 | D        | Reached * piety under Makhleb
    13 | D        | Gained mutation: Your thick and shaggy fur keeps you warm.
                  | (AC +3, rC+) [Felid growth]
    13 | D        | Reached XP level 12. HP: 50/69 MP: 4/25
    13 | D        | Reached XP level 13. HP: 53/73 MP: 4/26
    13 | D        | Killed a bag of meat
    14 | D        | Killed a bag of meat
    15 | D        | Killed a bag of meat
    15 | D        | Reached ** piety under Makhleb
    15 | D        | Noticed a meat berserker
    16 | D        | Reached XP level 14. HP: 40/81 MP: 5/28
    16 | D        | Killed a meat berserker
    17 | D        | Killed a meat berserker
    18 | D        | Reached skill level 27 in Dodging
    18 | D        | Reached XP level 15. HP: 44/88 MP: 5/31
    18 | D        | Reached *** piety under Makhleb
    23 | D        | Noticed a meat berserker
    23 | D        | Noticed a large bag of meat
    23 | D        | Noticed a meat berserker
    24 | D        | Noticed a large bag of meat
    24 | D        | Noticed a large bag of meat
    24 | D        | Noticed a meat berserker
    25 | D        | Noticed a meat berserker
    26 | D        | Noticed a large bag of meat
    28 | D        | Reached **** piety under Makhleb
    28 | D        | Noticed a meat berserker
    29 | D        | Killed a meat berserker
    30 | D        | Reached XP level 16. HP: 98/98 MP: 7/34
    30 | D        | Killed a meat berserker
    30 | D        | Noticed a destroyer
    31 | D        | Reached skill level 27 in Fighting
    31 | D        | Reached skill level 27 in Unarmed Combat
    31 | D        | Reached skill level 27 in Invocations
    31 | D        | Reached skill level 5 in Stealth
    31 | D        | Killed a meat berserker
    31 | D        | Reached ***** piety under Makhleb
    32 | D        | Killed a meat berserker
    33 | D        | Reached skill level 15 in Stealth
    33 | D        | Reached skill level 10 in Spellcasting
    33 | D        | Reached XP level 17. HP: 104/104 MP: 7/35
    33 | D        | Killed a large bag of meat
    33 | D        | Noticed a large bag of meat
    33 | D        | Noticed a destroyer
    34 | D        | Noticed a destroyer
    34 | D        | Mangled by a bag of meat
    35 | D        | Reached XP level 16. HP: -8/100 MP: 8/34
    37 | D        | Killed a large bag of meat
    38 | D        | Reached skill level 15 in Necromancy
    38 | D        | Noticed a meat berserker
    39 | D        | Killed a meat berserker
    39 | D        | Noticed a sculptor of flesh
    40 | D        | Reached skill level 15 in Spellcasting
    40 | D        | Reached skill level 15 in Conjurations
    40 | D        | Noticed a destroyer
    41 | D        | Noticed a destroyer
    42 | D        | Killed a destroyer
    43 | D        | Reached XP level 17. HP: 65/104 MP: 35/39
    43 | D        | Killed a destroyer
    43 | D        | Noticed a meat berserker
    44 | D        | Reached skill level 27 in Stealth
    44 | D        | Noticed a destroyer
    44 | D        | Killed a destroyer
    44 | D        | Noticed a meat berserker
    46 | D        | Reached XP level 18. HP: 108/109 MP: 35/44
    46 | D        | Killed a meat berserker
    47 | D        | Noticed a meat berserker
    47 | D        | Noticed a tyrant
    48 | D        | Killed a large bag of meat
    49 | D        | Noticed a meat berserker
    49 | D        | Noticed a destroyer
    49 | D        | Noticed a tyrant
    49 | D        | Mangled by a meat berserker
    50 | D        | Reached XP level 17. HP: -11/104 MP: 36/46
    50 | D        | Noticed a meat berserker
    50 | D        | Noticed a tyrant
    50 | D        | Noticed a destroyer
    50 | D        | Noticed a sculptor of flesh
    51 | D        | Noticed a meat berserker
    51 | D        | Killed a tyrant
    51 | D        | Noticed a destroyer
    52 | D        | Noticed a large bag of meat
    52 | D        | Noticed a destroyer
    53 | D        | Noticed a destroyer
    54 | D        | Killed a meat berserker
    54 | D        | Reached ****** piety under Makhleb
    55 | D        | Reached skill level 27 in Necromancy
    55 | D        | Reached XP level 18. HP: 109/109 MP: 46/49
    55 | D        | Noticed a sculptor of flesh
    55 | D        | Noticed a meat berserker
    55 | D        | Noticed a meat berserker
    55 | D        | Noticed a destroyer
    56 | D        | Killed a destroyer
    56 | D        | Noticed a meat berserker
    56 | D        | Noticed a meat berserker
    57 | D        | Reached skill level 27 in Spellcasting
    57 | D        | Reached skill level 27 in Conjurations
    57 | D        | Reached skill level 5 in Transmutations
    57 | D        | Reached skill level 5 in Evocations
    57 | D        | Noticed a tyrant
    57 | D        | Demolished by a meat berserker
    57 | D        | Noticed a tyrant
    58 | D        | Reached XP level 17. HP: -17/104 MP: 47/49
    59 | D        | Killed a destroyer
    60 | D        | Reached skill level 10 in Hexes
    60 | D        | Reached skill level 10 in Translocations
    60 | D        | Noticed a meat beast
    60 | D        | Killed a meat berserker
    61 | D        | Reached XP level 18. HP: 68/109 MP: 50/50
    61 | D        | Killed a meat berserker
    61 | D        | Noticed a dread
    62 | D        | Reached skill level 10 in Summonings
    62 | D        | Killed a meat beast
    63 | D        | Reached XP level 19. HP: 113/113 MP: 51/51
    63 | D        | Noticed a meat beast
    65 | D        | Killed a destroyer
    65 | D        | Noticed a meat berserker
    67 | D        | Killed a meat beast
    67 | D        | Noticed a meat berserker
    68 | D        | Reached XP level 20. HP: 69/118 MP: 52/52
    68 | D        | Killed a destroyer
    69 | D        | Killed a destroyer
    70 | D        | Killed a meat berserker
    71 | D        | Killed a meat berserker
    72 | D        | Killed a dread
    72 | D        | Noticed a meat beast
    73 | D        | Reached skill level 27 in Hexes
    73 | D        | Reached skill level 27 in Translocations
    73 | D        | Reached XP level 21. HP: 119/122 MP: 53/53
    75 | D        | Killed a large bag of meat
    79 | D        | Killed a meat beast
    80 | D        | Reached XP level 22. HP: 125/127 MP: 54/54
    81 | D        | Killed a destroyer
    84 | D        | Reached skill level 27 in Transmutations
    85 | D        | Reached skill level 27 in Evocations
    85 | D        | Noticed an accursed
    86 | D        | Annihilated by a large bag of meat
    87 | D        | Reached XP level 21. HP: -96/122 MP: 53/53
    90 | D        | Noticed an accursed
    91 | D        | Noticed a tyrant
    93 | D        | Killed a tyrant
    95 | D        | Reached skill level 27 in Summonings
    95 | D        | Reached XP level 22. HP: 127/127 MP: 54/54
    96 | D        | Killed an accursed
    97 | D        | Reached skill level 27 in Fire Magic
    97 | D        | Reached skill level 27 in Ice Magic
    97 | D        | Reached skill level 27 in Air Magic
    97 | D        | Reached skill level 27 in Earth Magic
    97 | D        | Reached skill level 27 in Poison Magic
    97 | D        | Noticed a tyrant
    99 | D        | Noticed a tyrant
    99 | D        | Killed a tyrant
   100 | D        | Killed an accursed
   101 | D        | Reached XP level 23. HP: 15/131 MP: 55/55
   101 | D        | Noticed an accursed
   101 | D        | Killed from afar by a tyrant
   102 | D        | Reached XP level 22. HP: -18/127 MP: 54/54
   107 | D        | Killed a tyrant
   110 | D        | Killed a large bag of meat
   114 | D        | Killed a tyrant
   114 | D        | Killed from afar by an observer
   114 | D        | Noticed a dread
   115 | D        | Reached XP level 21. HP: -18/122 MP: 53/53
   121 | D        | HP: 3/122 [observer/bolt of fire (40)]
   122 | D        | HP: 1/122 [poisoned by a scourge (bolt of poison)]
   123 | D        | Noticed a fleshlord
   123 | D        | Killed from afar by a scourge

Illustrated notes

Levels and vault maps discovered:
D:        meatsprint

Skill      XL: |  1  2  3  4  5  6  7  8  9 10 11 12 13 14 15 16 17 18 19 20 21 22 |
---------------+-------------------------------------------------------------------+-----
Fighting       | 15 17 20 22 26 27 | 27.0
Dodging        | 19 22 25 27 | 27.0
Unarmed Combat | 15 17 20 22 26 27 | 27.0
Invocations    | 15 17 19 22 26 27 | 27.0
Stealth        | 25 27 | 27.0
Spellcasting   | 17 26 27 | 27.0
Conjurations   | 17 26 27 | 27.0
Necromancy     | 18 27 25 | 27.0
Hexes          | 12 19 23 27 | 27.0
Summonings     | 8 13 17 20 27 25 | 27.0
Translocations | 12 19 23 27 | 27.0
Transmutations | 9 14 18 21 25 27 | 27.0
Fire Magic     | 8 12 16 18 26 27 | 27.0
Ice Magic      | 8 12 16 18 26 27 | 27.0
Air Magic      | 8 12 16 18 25 27 | 27.0
Earth Magic    | 8 12 16 18 25 27 | 27.0
Poison Magic   | 8 12 16 18 25 27 | 27.0
Evocations     | 9 14 18 22 25 27 | 27.0

Action                   |  1- 3 |  4- 6 |  7- 9 | 10-12 | 13-15 | 16-18 | 19-21 | 22-24 || total
-------------------------+-------+-------+-------+-------+-------+-------+-------+-------++-------
Melee: Unarmed           |     1 |       |       |     1 |    10 |    20 |    23 |    18 ||    73
       Punch             |       |       |       |     1 |       |       |     1 |       ||     2
Invok: Major Destruction |       |       |       |       |       |     2 |     1 |       ||     3
       Greater Servant o |       |       |       |       |       |     2 |     2 |     1 ||     5
       Lesser Servant of |       |       |       |       |       |     1 |     3 |       ||     4
  Use: Scroll            |       |       |       |       |       |     1 |       |       ||     1
       Potion            |       |       |       |       |       |       |     3 |       ||     3
Armor: Skin              |       |       |       |       |       |     1 |     1 |       ||     2
Dodge: Dodged            |       |       |       |     1 |     2 |     5 |    13 |     3 ||    24

Table legend: (Time is in decaauts)
 A = Elapsed time spent in this place.
 B = Non-inter-level travel time spent in this place.
 C = Inter-level travel time spent in this place.
 D = Time resting spent in this place.
 E = Time spent auto-exploring this place.
 F = Levels seen in this place.
 G = Mean time per level.
                   A        B        C        D        E       F      G
               +--------+--------+--------+--------+--------+-----+--------+
         Total |     84 |     84 |      0 |      0 |      1 |   1 |   84.0 |
       Dungeon |     84 |     84 |      0 |      0 |      1 |   1 |   84.0 |
               +--------+--------+--------+--------+--------+-----+--------+

Top non-repeatable levels by time:
       D: 84 daAuts
